 Dungeon Crawl Stone Soup version 0.28-a0-1493-g08698888e4 (webtiles) character file.

Game seed: 3782289624061441481

189 testman the Conjurer (level 6, -1/47 HPs)
             Began as a Human Monk on Jan 12, 2022.
             Was a Priest of Vehumet.
             Slain by an orc wizard (6 damage)
             ... on level 3 of the Dungeon.
             The game lasted 00:15:57 (2931 turns).

testman the Conjurer (Human Monk)                   Turns: 2931, Time: 00:15:57

Health: -1/47      AC:  4    Str: 14    XL:     6   Next: 0%
Magic:  8/8        EV: 13    Int: 10    God:    Vehumet [***...]
Gold:   64         SH:  0    Dex: 21    Spells: 5/7 levels left

rFire   . . .      SeeInvis .   a - +1 falchion
rCold   . . .      Faith    .   (no shield)
rNeg    . . .      Spirit   .   b - +0 robe
rPois   .          Reflect  .   j - +1 helmet
rElec   .          Harm     .   (no cloak)
rCorr   .          Rampage  .   (no gloves)
Will    .....                   (no boots)
Stlth   +.........              (no amulet)
HPRegen 0.15/turn               d - +4 ring of slaying
MPRegen 0.11/turn               h - +6 ring of dexterity

@: confused, lethally poisoned (-1 -> -16)
A: no striking features
a: Renounce Religion


You were on level 3 of the Dungeon.
You worshipped Vehumet.
Vehumet was most pleased with you.
You visited 1 branch of the dungeon, and saw 3 of its levels.

You collected 64 gold pieces.

Inventory:

Hand Weapons
 a - a +1 falchion (weapon)
 f - a +0 hunting sling
Missiles
 e - 142 stones (quivered)
 p - 12 poisoned darts
Armour
 b - a +0 robe (worn)
 j - a +1 helmet (worn)
Jewellery
 d - a +4 ring of slaying (left hand)
 h - a +6 ring of dexterity (right hand)
 s - a ring of protection from fire
Scrolls
 c - a scroll of enchant armour
 g - a scroll of identify
 k - a scroll of fear {unknown}
 l - 2 scrolls of noise {unknown}
 m - a scroll of teleportation {unknown}
 n - a scroll of fog {unknown}
 o - a scroll of acquirement {unknown}
Potions
 i - a potion of attraction
 q - 2 potions of degeneration
 t - a potion of flight


   Skills:
 - Level 3.5 Fighting
 - Level 3.5 Long Blades
 - Level 3.0 Dodging
 - Level 2.0 Stealth
 + Level 1.4 Spellcasting
 + Level 3.6 Conjurations
 - Level 1.0 Fire Magic


You had 5 spell levels left.
You knew the following spells:

 Your Spells              Type           Power      Damage    Failure   Level
a - Foxfire               Conj/Fire      20%        2x1d5     3%          1
b - Magic Dart            Conj           32%        1d4       2%          1

Your spell library contained the following spells:

 Spells                   Type           Power      Damage    Failure   Level
 Mephitic Cloud           Conj/Pois/Air  3%         N/A       16%         3


Dungeon Overview and Level Annotations

Branches:
Dungeon (3/15)

Altars:
Kikubaaqudgha
Vehumet


Message History

You closely miss the orc wizard.
The orc wizard is lightly wounded.
Something hits you but does no damage.
The orc wizard hits you with a +0 dagger.
The orc wizard points at you and mumbles some strange words.
You resist with some effort.
You miss the orc wizard.
You feel less confused.
You hear some strange, mumbled words.
Something tries to affect you, but you resist.
The orc wizard closely misses you.
The orc wizard hits you with a +4 dagger of venom.
You are poisoned.
Okay, then.
As you read the scroll labelled DOFUIR COCODGHE, it crumbles to dust.
It is a scroll of enchant armour.
Your +0 helmet glows green for a moment.
You feel very sick. Something hits you but does no damage.
The orc wizard casts a spell at you. The magic dart hits you.
* * * LOW HITPOINT WARNING * * *
Something hits you but does no damage.
The orc wizard hits you with a +4 dagger of venom.
* * * LOW HITPOINT WARNING * * *
You are lethally poisoned!
Okay, then.
As you read the scroll labelled FOWOICEJEG, it crumbles to dust.
It is a scroll of enchant weapon.
Your +0 falchion glows red for a moment.
* * * LOW HITPOINT WARNING * * *
You feel very sick. Something hits you.
* * * LOW HITPOINT WARNING * * *
The orc wizard hits you with a +0 dagger.
* * * LOW HITPOINT WARNING * * *
You hear some strange, mumbled words.
You are confused.
The orc wizard hits you with a +4 dagger of venom.
You die...

......#.....................#
#######).......##########'#.#
#####.......##..# #.#.#####
#..........##...+
####.#......
#.##########....#
#....#...... #.# #..#.....#
#######...... #.#
#..#.⌠.⌠.#..######...... #.#
#.....⌠oo'._#....)......
###'####
#.##.⌠.@{#..#######.....
#......###.##.....# ## #..(..
#.......##.###....# #.....
#.......##.# ##...+ #.....
#...<...##.# ##..# #.....
#.......##.# #### #.....
#.......##.# #.# #.....
#######.##.#####.# #.....
#.##.#.....## ######


You could see 2 orc wizards.

Vanquished Creatures
  A hound (D:3)
  An orc priest (D:3)
  Robin (D:2)
  3 adders
  A worm (D:2)
  5 orcs (D:3)
  8 ball pythons
  9 endoplasms
  2 giant cockroaches
  12 goblins
  3 hobgoblins
  13 jackals
  5 kobolds
  2 quokkas
  2 bats (D:2)
  3 frilled lizards
  2 rats
73 creatures vanquished.

Vanquished Creatures (others)
  21 foxfires
21 creatures vanquished.

Grand Total: 94 creatures vanquished

Notes
Turn   | Place    | Note
-------+----------+-------------------------------------------
     0 | D:1      | testman the Human Monk began the quest for the Orb.
     0 | D:1      | Reached XP level 1. HP: 18/18 MP: 1/1
     2 | D:1      | Noticed a dwarf
     4 | D:1      | Noticed an elf
     4 | D:1      | Noticed a troll
     6 | D:1      | Noticed a demonspawn
     8 | D:1      | Noticed a human
     8 | D:1      | Noticed a vine stalker
    10 | D:1      | Noticed a gargoyle
    12 | D:1      | Noticed a demigod
    14 | D:1      | Noticed an ogre
    14 | D:1      | Noticed a draconian
    16 | D:1      | Noticed a minotaur
    16 | D:1      | Noticed a vampire
    18 | D:1      | Noticed a naga
    20 | D:1      | Noticed an octopode
    20 | D:1      | Noticed a formicid
    22 | D:1      | Noticed a tengu
    22 | D:1      | Noticed a spriggan
    24 | D:1      | Noticed a felid
    24 | D:1      | Noticed a merfolk
    26 | D:1      | Noticed a ghoul
   210 | D:1      | Reached XP level 2. HP: 23/24 MP: 2/2
   519 | D:1      | Found a faded altar of an unknown god.
   542 | D:1      | Reached XP level 3. HP: 21/29 MP: 3/3
   643 | D:1      | Prayed at the altar of an unknown god.
   643 | D:1      | Became a worshipper of Vehumet
   643 | D:1      | Reached * piety under Vehumet
   643 | D:1      | Offered knowledge of Foxfire by Vehumet.
   643 | D:1      | Reached ** piety under Vehumet
   646 | D:1      | Learned a level 1 spell: Foxfire
   728 | D:1      | Offered knowledge of Magic Dart by Vehumet.
   732 | D:1      | Learned a level 1 spell: Magic Dart
   867 | D:1      | Offered knowledge of Frozen Ramparts by Vehumet.
  1245 | D:2      | Reached skill level 1 in Conjurations
  1532 | D:2      | Reached XP level 4. HP: 35/35 MP: 1/4
  1709 | D:2      | Noticed Robin
  1744 | D:2      | Reached *** piety under Vehumet
  1749 | D:2      | Killed Robin
  2243 | D:3      | Reached XP level 5. HP: 40/41 MP: 5/5
  2387 | D:3      | Offered knowledge of Mephitic Cloud by Vehumet.
  2517 | D:3      | Reached skill level 1 in Fire Magic
  2533 | D:3      | Reached skill level 1 in Spellcasting
  2897 | D:3      | Reached XP level 6. HP: 47/47 MP: 8/8
  2921 | D:3      | Found an ancient bone altar of Kikubaaqudgha.
  2931 | D:3      | Slain by an orc wizard

Illustrated notes

Levels and vault maps discovered:
D:1:      kb_arrival_jail, layout_loops_ring,
          hellmonk_ecumenical_altar_dog_temple
D:2:      layout_basic, uniq_robin
D:3:      layout_basic, palyth_temple_overflow_mages, serial_bayou_pond_b

Skill      XL: |  1  2  3  4  5 |
---------------+----------------+-----
Conjurations   | 1 3 |  3.6
Fire Magic     | 1 |  1.0
Spellcasting   | 1 |  1.4
Fighting       | |  3.5
Long Blades    | |  3.5
Dodging        | |  3.0
Stealth        | |  2.0

Action                   |  1- 3 |  4- 6 || total
-------------------------+-------+-------++-------
Melee: Falchion          |    72 |    92 ||   164
 Cast: Foxfire           |     2 |    11 ||    13
       Magic Dart        |     1 |    13 ||    14
  Use: Scroll            |       |     6 ||     6
       Potion            |       |     1 ||     1
 Stab: Sleeping          |     4 |     1 ||     5
Armor: Robe              |    10 |    20 ||    30
Dodge: Dodged            |    55 |    56 ||   111

Table legend: (Time is in decaauts)
 A = Elapsed time spent in this place.
 B = Non-inter-level travel time spent in this place.
 C = Inter-level travel time spent in this place.
 D = Time resting spent in this place.
 E = Time spent auto-exploring this place.
 F = Levels seen in this place.
 G = Mean time per level.
                   A        B        C        D        E       F      G
               +--------+--------+--------+--------+--------+-----+--------+
         Total |   2963 |   2913 |     50 |    592 |   1809 |   3 |  987.7 |
       Dungeon |   2963 |   2913 |     50 |    592 |   1809 |   3 |  987.7 |
               +--------+--------+--------+--------+--------+-----+--------+

Top non-repeatable levels by time:
     D:1: 1202 daAuts
     D:2: 1060 daAuts
     D:3: 700 daAuts
